 Dungeon Crawl Stone Soup version 0.30-a0-341-g6827065 (webtiles) character file.

Game seed: 11282565761299767320

28 Illumine the Chopper (level 3, 0/30 HPs)
             Began as a Hill Orc Reaver on Nov 3, 2022.
             Slain by an adder (2 damage)
             ... on level 2 of the Dungeon on Nov 4, 2022.
             The game lasted 00:01:39 (1022 turns).

Illumine the Chopper (Hill Orc Reaver)              Turns: 1022, Time: 00:01:40

Health: 0/30       AC:  3    Str: 16    XL:     3   Next: 12%
Magic:  5/5        EV: 11    Int: 11    God:
Gold:   96         SH:  0    Dex:  9    Spells: 2/5 levels left

rFire   . . .      SeeInvis .    a - +0 hand axe
rCold   . . .      Faith    .    (no shield)
rNeg    . . .      Spirit   .    b - +0 leather armour
rPois   .          Reflect  .    (no helmet)
rElec   .          Harm     .    (no cloak)
rCorr   .          Rampage  .    (no gloves)
Will    .....                    (no boots)
Stlth   +.........               (no amulet)
HPRegen 0.25/turn                (no ring)
MPRegen 0.09/turn                (no ring)

@: mighty, lethally poisoned (0 -> -4), hasted, very quick
A: dopey 1, wild magic 1
a: no special abilities


You were on level 2 of the Dungeon.
You visited 1 branch of the dungeon, and saw 2 of its levels.

You collected 96 gold pieces.

Inventory:

Hand Weapons
 a - a +0 hand axe (weapon)
Missiles
 f - 4 poisoned darts
Armour
 b - a +0 leather armour (worn)
Scrolls
 c - 4 scrolls of noise {unknown}
 e - a scroll of enchant armour {unknown}
 g - 2 scrolls of torment {unknown}
 h - a scroll of poison {unknown}
 j - 2 scrolls of identify {unknown}
Potions
 d - a potion of might
 l - a potion of cancellation {unknown}
 m - a potion of curing {unknown}


   Skills:
 + Level 2.9 Fighting
 * Level 4.8 Axes
 + Level 0.0 Armour
 - Level 2.0 Dodging
 - Level 1.5 Spellcasting
 - Level 3.0 Conjurations


You had 2 spell levels left.
You knew the following spells:

 Your Spells              Type           Power      Damage    Failure   Level
a - Kiss of Death         Conj/Necr      20%        2d7       28%         1
b - Momentum Strike       Conj/Tloc      10%        3d8       38%         2

Your spell library contained the following spells:

 Spells                   Type           Power      Damage    Failure   Level
 Hailstorm                Conj/Ice       5%         3d4       61%         3


Dungeon Overview and Level Annotations

Branches:
Dungeon (2/15)

Altars:


Innate Abilities, Weirdness & Mutations

You are dopey. (Int -2)
Your spells are a little harder to cast, but a little more powerful.


Message History

A kobold comes into view. It is wielding a +0 short sword.
You hit the adder but do no damage.
You hit the ball python but do no damage.
The ball python barely misses you. The ball python grabs you.
The ball python constricts you. The adder completely misses you.
You miss the adder. You closely miss the ball python. The adder bites you.
You are poisoned.
The adder poisons you! The ball python bites you.
The ball python constricts you.
You barely miss the adder. You closely miss the ball python.
You feel sick. The adder bites you.
You are more poisoned.
The adder poisons you!
The ball python bites you but does no damage.
The ball python constricts you. The adder closely misses you.
The ball python barely misses you. The ball python constricts you.
You escape the ball python's grasp.
You feel very sick. The adder barely misses you.
You feel sick. The adder barely misses you. The adder attacks as you move away!
The adder barely misses you.
You feel sick.
It was a potion of might.
You feel very mighty all of a sudden.
You feel sick.
You slash the ball python!
You kill the ball python!
You barely miss the adder.
You feel sick. The adder bites you but does no damage. The adder bites you.
* * * LOW HITPOINT WARNING * * *
You are lethally poisoned!
The adder poisons you!
It was a potion of haste.
You feel yourself speed up.
* * * LOW HITPOINT WARNING * * *
You feel sick. The ball python closely misses you.
The ball python barely misses you. The adder barely misses you.
It was a potion of mutation.
You feel extremely strange.
You feel stupid.
You feel less in control of your magic.
* * * LOW HITPOINT WARNING * * *
You feel sick. The adder bites you.
You die...

....... ...# #..#.#
....... ....#
#...##.. ....K$.
..... ..###... #....
......#####..)#
#...##...............
#K.....#######(###
#K########.....# ##S#
####..#...# ##S@#
#.......### #..##
#.###.### ###.## #.#
#.# #.†.# ##.###.#
##.#######......#
#..###..........# ##
#.###)..............
..
##.##..............##
##
#..##..............#
#


You could see an adder, a ball python and 2 kobolds.

Vanquished Creatures
  2 dart slugs
  3 endoplasms
  A giant cockroach (D:2)
  2 goblins
  A hobgoblin (D:2)
  3 jackals (D:1)
  2 kobolds (D:1)
  A quokka (D:2)
  3 ball pythons
  A bat (D:1)
  A frilled lizard (D:2)
  A rat (D:1)
21 creatures vanquished.

Notes
Turn   | Place    | Note
-------+----------+-------------------------------------------
     0 | D:1      | Illumine the Hill Orc Reaver began the quest for the Orb.
     0 | D:1      | Reached XP level 1. HP: 18/18 MP: 3/3
    54 | D:1      | Reached XP level 2. HP: 18/22 MP: 2/4
   157 | D:1      | Learned a level 2 spell: Momentum Strike
   635 | D:2      | Found a faded altar of an unknown god.
   875 | D:2      | Reached XP level 3. HP: 10/30 MP: 5/5
  1022 | D:2      | Gained mutation: You are dopey. (Int -2) [potion of
                  | mutation]
  1022 | D:2      | Gained mutation: Your spells are a little harder to cast,
                  | but a little more powerful. [potion of mutation]
  1022 | D:2      | Slain by an adder

Illustrated notes

Levels and vault maps discovered:
D:1:      tarquinn_simple_flora_water_b, layout_basic
D:2:      layout_rooms, nicolae_ecumenical_pavilion

Skill      XL: |  1  2  3 |
---------------+----------+-----
Dodging        | 2 |  2.0
Fighting       | |  2.9
Axes           | |  4.8
Spellcasting   | |  1.5
Conjurations   | |  3.0

Action                   || total
-------------------------++-------
Melee: Hand axe          ||    95
       Punch             ||     2
 Cast: Kiss of Death     ||     1
  Use: Potion            ||     3
Armor: Leather armour    ||    22
Dodge: Dodged            ||    65

Table legend: (Time is in decaauts)
 A = Elapsed time spent in this place.
 B = Non-inter-level travel time spent in this place.
 C = Inter-level travel time spent in this place.
 D = Time resting spent in this place.
 E = Time spent auto-exploring this place.
 F = Levels seen in this place.
 G = Mean time per level.
                   A        B        C        D        E       F      G
               +--------+--------+--------+--------+--------+-----+--------+
         Total |   1029 |   1009 |     20 |    129 |    671 |   2 |  514.5 |
       Dungeon |   1029 |   1009 |     20 |    129 |    671 |   2 |  514.5 |
               +--------+--------+--------+--------+--------+-----+--------+

Top non-repeatable levels by time:
     D:1: 639 daAuts
     D:2: 390 daAuts
